 Dungeon Crawl Stone Soup version 0.20.2 (webtiles) character file.

1462 Alfie the Archer (level 8, -6/70 HPs)
             Began as a Minotaur Hunter on Apr 21, 2020.
             Mangled by a wraith (13 damage)
             ... in an ossuary.
             The game lasted 00:24:37 (5516 turns).

Alfie the Archer (Minotaur Hunter)                  Turns: 5516, Time: 00:24:38

Health: -6/70      AC:  4    Str: 19    XL:     8   Next: 48%
Magic:  0/7        EV: 13    Int:  8    God:
Gold:   386        SH:  0    Dex: 11    Spells: 6/7 levels left

rFire    . . .     SeeInvis .   b - +1 short sword
rCold    . . .     Gourm    .   (no shield)
rNeg     . . .     Faith    .   c - +1 leather armour
rPois    .         Spirit   +   (helmet restricted)
rElec    .         Reflect  .   (no cloak)
rCorr    .         Harm     .   (no gloves)
MR       .....                  (no boots)
Stlth    +.........             u - amulet of guardian spirit
Regen    0.3/turn               (no ring)
MPRegen  0.1/turn               (no ring)

@: slowed, very slow
A: retaliatory headbutt, horns 2
a: no special abilities


You were in an ossuary.
You were not hungry.

You visited 1 branch of the dungeon, and saw 6 of its levels.
You also visited: Ossuary.

You collected 386 gold pieces.

Inventory:

Hand Weapons
 a - a +2 shortbow
 b - a +1 short sword (weapon)
Missiles
 d - 8 arrows
Armour
 c - a +1 leather armour (worn)
Jewellery
 k - an uncursed amulet of magic regeneration
 u - an amulet of guardian spirit (around neck)
 y - a cursed -2 ring of dexterity {unknown}
 D - an uncursed ring of poison resistance {unknown}
Wands
 i - a wand of paralysis (21/24)
 w - a wand of lightning (2/15)
 x - a wand of digging (4/24)
 z - a wand of flame (23/48)
Scrolls
 g - 4 scrolls of identify
 l - 5 scrolls of blinking
 m - 5 scrolls of teleportation
 o - 2 scrolls of amnesia
 p - a scroll of enchant weapon
 B - a scroll of vulnerability {unknown}
 C - a scroll of noise {unknown}
Potions
 e - 2 potions of magic
 r - 2 potions of mutation {unknown}
 s - a potion of ambrosia {unknown}
 t - a potion of agility {unknown}
 A - a potion of invisibility
 E - 3 potions of curing
 F - 2 potions of cancellation {unknown}
 G - a potion of berserk rage {unknown}
Books
 q - a book of Air

   Spells                             Type                      Level
   a - Shock                          Conjuration/Air              1
   b - Swiftness                      Charms/Air                   2
   c - Static Discharge               Conjuration/Air              3
   d - Airstrike                      Air                          4
   e - Lightning Bolt                 Conjuration/Air              5
 v - a book of Frost

   Spells                             Type                      Level
   a - Freeze                         Ice                          1
   b - Throw Frost                    Conjuration/Ice              2
   c - Ozocubu's Armour               Charms/Ice                   3
   d - Throw Icicle                   Conjuration/Ice              4
   e - Summon Ice Beast               Ice/Summoning                4
Comestibles
 f - a bread ration
 h - 2 royal jellies
 n - 4 meat rations


   Skills:
 + Level 5.7 Fighting
 + Level 2.5 Short Blades
 + Level 9.5 Bows
 + Level 3.6 Armour
 + Level 4.1 Dodging
 + Level 1.6 Stealth
 + Level 0.1 Evocations


You had 6 spell levels left.
You knew the following spells:

 Your Spells              Type           Power        Failure   Level  Hunger
a - Freeze                Ice            #...         45%         1    ##.....


Dungeon Overview and Level Annotations

Branches:
Dungeon (6/15)
 Temple: D:4-7

Altars:
Makhleb
Nemelex Xobeh
Sif Muna
Trog
Uskayaw
Vehumet
Xom
Yredelemnul
The Shining One

Annotations:
D:1 1 runed door
D:6 Alfie's ghost, novice MiHu


Innate Abilities, Weirdness & Mutations

You reflexively headbutt those who attack you in melee.
You have a pair of horns on your head.


Message History

You barely miss the wraith.
The wraith is almost destroyed.
The wraith barely misses you.
You hit the wraith but do no damage.
The wraith is almost destroyed.
The wraith closely misses you. The wraith hits you!
* * * LOW HITPOINT WARNING * * *
You hit the wraith but do no damage.
You headbutt the wraith, but do no damage.
The wraith is almost destroyed.
The wraith misses you.
You hit the wraith but do no damage.
The wraith is almost destroyed.
The wraith hits you!
* * * LOW HITPOINT WARNING * * *
The wraith barely misses you.
You closely miss the wraith.
The wraith is almost destroyed.
The wraith hits you!
You die...

#..# #..#.#..#.#..#.#..#.#..#
#..#+#..#'#..#'#..#'#..#'#..#
#..#.#..#.#..#.#..#.#..#^#..#
#..........^................#
#...........................#
#..####......###......####..#
#..#.'...8...#!#...8...'?#..#
#..####......#W#......####..#
#...........^#@#............#
#...........................#
#..####.####.....####.####..#
#..# +..#.'...8...'.#..'.#..#
#..####^####.....####.####..#
#.................^.........#
#............#.#............#
#..####......#'#......####..#
#..#.'...8...#.#...8...'.#..#


You could see a wraith.

Vanquished Creatures
  The ghost of Alfie the Shooter, a novice MiHu (D:5)
  Eustachio (D:5)
  An ogre (D:5)
  A phantom (D:4)
  3 big kobolds (D:3)
  A scorpion (D:5)
  A crimson imp (D:5)
  A jelly (D:6)
  A centaur skeleton (D:4)
  2 hounds (D:5)
  Terence (D:2)
  4 worker ants
  A hound zombie (D:6)
  3 mummies (Ossuary)
  3 gnolls (D:3)
  6 adders
  2 oozes
  2 worms
  4 leopard geckos
  10 orcs
  7 bats
  3 giant cockroaches (D:1)
  A gnoll zombie (Ossuary)
  9 goblins
  14 hobgoblins
  6 jackals
  7 frilled lizards
  3 goblin zombies (Ossuary)
  2 hobgoblin zombies (Ossuary)
  37 kobolds
  4 kobold zombies (Ossuary)
  A leopard gecko zombie (D:5)
  8 rats
151 creatures vanquished.

Notes
Turn   | Place    | Note
-------+----------+-------------------------------------------
     0 | D:1      | Alfie the Minotaur Hunter began the quest for the Orb.
     0 | D:1      | Reached XP level 1. HP: 18/18 MP: 0/0
     1 | D:1      | Found a runed door.
   224 | D:1      | Reached XP level 2. HP: 24/25 MP: 1/1
   286 | D:1      | Reached skill level 5 in Bows
   627 | D:1      | Reached XP level 3. HP: 27/30 MP: 2/2
  1328 | D:2      | Reached skill level 1 in Stealth
  1436 | D:2      | Reached XP level 4. HP: 37/37 MP: 3/3
  1438 | D:2      | Noticed Terence
  1444 | D:2      | Killed Terence
  1444 | D:2      | Reached skill level 1 in Armour
  1712 | D:3      | Reached skill level 6 in Bows
  1735 | D:3      | Found a bloodstained altar of Trog.
  1952 | D:3      | Noticed a big kobold
  1962 | D:3      | Killed a big kobold
  1962 | D:3      | Reached XP level 5. HP: 39/45 MP: 4/4
  2243 | D:3      | HP: 2/45 [big kobold/whip (5)]
  2335 | D:3      | Reached skill level 7 in Bows
  2335 | D:3      | Reached XP level 6. HP: 23/51 MP: 5/5
  3515 | D:4      | Reached skill level 1 in Short Blades
  3515 | D:4      | Reached XP level 7. HP: 41/58 MP: 6/6
  3911 | D:5      | Entered Level 5 of the Dungeon
  3911 | D:5      | Noticed Eustachio
  4073 | D:5      | Reached skill level 8 in Bows
  4161 | D:5      | Noticed Alfie's ghost (novice MiHu)
  4187 | D:5      | Killed Alfie's ghost
  4187 | D:5      | Reached XP level 8. HP: 54/67 MP: 2/7
  4204 | D:5      | Reached skill level 5 in Fighting
  4204 | D:5      | Reached skill level 9 in Bows
  4329 | D:5      | Learned a level 1 spell: Freeze
  4466 | D:5      | Killed Eustachio
  4603 | D:5      | Found a deep blue altar of Sif Muna.
  4603 | D:5      | Found a basalt altar of Yredelemnul.
  4605 | D:5      | Found a glowing golden altar of the Shining One.
  4609 | D:5      | Found a shimmering altar of Xom.
  4609 | D:5      | Found a burning altar of Makhleb.
  4610 | D:5      | Found a sparkling altar of Nemelex Xobeh.
  4612 | D:5      | Found a radiant altar of Vehumet.
  4613 | D:5      | Found a hide-covered altar of Uskayaw.
  5110 | D:6      | Noticed Alfie's ghost (novice MiHu)
  5142 | D:6      | Found a sand-covered staircase.
  5147 | Ossuary  | Entered an ossuary
  5508 | Ossuary  | HP: 3/70 [wraith (5)]
  5516 | Ossuary  | Mangled by a wraith

Skill      XL: |  1  2  3  4  5  6  7  8 |
---------------+-------------------------+-----
Bows           | 5 6 7 8 9 |  9.5
Stealth        | 1 |  1.6
Armour         | 1 2 3 |  3.6
Fighting       | 3 4 5 |  5.7
Dodging        | 3 4 |  4.1
Short Blades   | 1 2 |  2.5
Evocations     | |  0.1

Action                   |  1- 3 |  4- 6 |  7- 9 || total
-------------------------+-------+-------+-------++-------
Melee: Short sword       |    23 |    70 |   127 ||   220
       Headbutt          |     4 |     9 |    25 ||    38
 Fire: Shortbow          |    89 |   157 |    79 ||   325
Evoke: Wand              |       |       |     2 ||     2
  Use: Scroll            |     6 |     8 |     5 ||    19
       Potion            |       |     6 |     2 ||     8
  Eat: Bread ration      |     1 |     1 |     2 ||     4
Armor: Leather armour    |    12 |    30 |    29 ||    71
Dodge: Dodged            |    41 |    82 |   109 ||   232
